 Dungeon Crawl Stone Soup version 0.29.1-1-gd02db6906a (webtiles) character file.

Game seed: 9552954535624308397

35 fireball365 the Digger (level 3, 0/19 HPs)
             Began as a Deep Elf Earth Elementalist on Oct 8, 2022.
             Slain by Sigmund
             ... wielding a +0 scythe
              (9 damage)
             ... on level 2 of the Dungeon.
             The game lasted 00:06:26 (1368 turns).

fireball365 the Digger (DEEE)                       Turns: 1368, Time: 00:06:27

Health: 0/19       AC:  2    Str:  7    XL:     3   Next: 16%
Magic:  7/10       EV: 13    Int: 19    God:
Gold:   94         SH:  0    Dex: 15    Spells: 8/9 levels left

rFire   . . .      SeeInvis .   e - +0 dagger
rCold   . . .      Faith    .   (no shield)
rNeg    . . .      Spirit   .   a - +0 robe
rPois   .          Reflect  .   (no helmet)
rElec   .          Harm     .   (no cloak)
rCorr   .          Rampage  .   (no gloves)
Will    +....                   (no boots)
Stlth   ++........              (no amulet)
HPRegen 0.06/turn               c - ring of willpower
MPRegen 0.12/turn               (no ring)

@: no status effects
A: no striking features
a: no special abilities


You were on level 2 of the Dungeon.
You visited 1 branch of the dungeon, and saw 2 of its levels.

You collected 94 gold pieces.

Inventory:

Hand Weapons
 e - a +0 dagger (weapon)
 j - a +0 whip
 k - a +0 hand axe
Missiles
 f - 19 stones
 g - a throwing net
 h - 5 datura-tipped darts
Armour
 a - a +0 robe (worn)
 d - a +0 ring mail
 i - a +0 plate armour
Jewellery
 c - a ring of willpower (left hand)
Scrolls
 m - 2 scrolls of identify
 n - a scroll of enchant weapon {unknown}
 q - a scroll of fog {unknown}
Potions
 b - a potion of magic
 l - a potion of curing
 o - a potion of cancellation {unknown}
 p - a potion of heal wounds {unknown}


   Skills:
 + Level 2.7 Dodging
 + Level 2.4 Stealth
 + Level 3.8 Spellcasting
 + Level 1.1 Transmutations
 + Level 4.1 Earth Magic


You had 8 spell levels left.
You knew the following spells:

 Your Spells              Type           Power      Damage    Failure   Level
a - Sandblast             Erth           38%        2d10      2%          1

Your spell library contained the following spells:

 Spells                   Type           Power      Damage    Failure   Level
 Passwall                 Tmut/Erth      10%        N/A       8%          2
 Stone Arrow              Conj/Erth      22%        3d8       19%         3
 Petrify                  Tmut/Erth      13%        N/A       43%         4


Dungeon Overview and Level Annotations

Branches:
Dungeon (2/15)

Altars:

Shops:
D:2 **[

Annotations:
D:2 Sigmund


Message History

You now have 94 gold pieces (gained 11).
You open the door.
q - a scroll labelled QYAPYQ BEDOILI A hobgoblin comes into view.
A hobgoblin comes into view.
The blast of sand hits the hobgoblin.
The hobgoblin is severely wounded.
The hobgoblin shouts!
The blast of sand hits the hobgoblin!
You kill the hobgoblin!
A kobold comes into view. It is wielding a +0 whip.
The blast of sand hits the hobgoblin.
The hobgoblin is severely wounded.
The kobold shouts!
The blast of sand hits the hobgoblin.
The hobgoblin is almost dead.
The hobgoblin closely misses you. The hobgoblin hits you.
The blast of sand hits the hobgoblin!
You kill the hobgoblin!
The blast of sand hits the kobold!
You kill the kobold!
You can't see any susceptible monsters within range! (Use Z to cast anyway.)
Things that are here:
a +0 whip; a hobgoblin corpse You see here a rat corpse.
Sigmund the Dreaded comes into view.
He is wielding a +0 scythe.
The blast of sand hits Sigmund but does no damage.
Sigmund shouts!
The blast of sand hits Sigmund.
Sigmund is lightly wounded.
Sigmund hits you from afar with a +0 scythe.
As you read the scroll labelled YHAMAW GYTE, it crumbles to dust.
It is a scroll of identify.
l - a potion of curing The blast of sand hits Sigmund!
Sigmund is heavily wounded.
Sigmund casts a spell at you. The magic dart hits you!
Sigmund hits you from afar with a +0 scythe!
You die...

###.....####.### ........ #...#
........ ###.# ........ #.#
...##### #.# ...# #.# #### .####
#.# #... ....##### #.#########
#.#' .#....∩.# #†#@.@....# #.#.
.....##.# #.#.#####.# ###.#.
.))...#.######....####.## #...#∩
##......................####.#.≈.
#..#.#.#######...####.........≈.
....#.#.# ##.......#########<
##......# #.####### #. ####.###
#.# #. ... ..# ##'


You could see Sigmund.

Vanquished Creatures
  A dart slug (D:1)
  An endoplasm (D:1)
  3 goblins
  6 hobgoblins
  2 kobolds (D:2)
  3 quokkas
  5 ball pythons
  2 bats (D:1)
  A frilled lizard (D:1)
  6 rats
30 creatures vanquished.

Notes
Turn   | Place    | Note
-------+----------+-------------------------------------------
     0 | D:1      | fireball365 the Deep Elf Earth Elementalist began the quest
                  | for the Orb.
     0 | D:1      | Reached XP level 1. HP: 10/10 MP: 6/6
   395 | D:1      | Reached XP level 2. HP: 15/15 MP: 8/8
  1148 | D:2      | Found Cudap's Armour Shop.
  1198 | D:2      | Found Guunamer's Assorted Antiques.
  1208 | D:2      | Reached skill level 4 in Earth Magic
  1209 | D:2      | Reached XP level 3. HP: 13/19 MP: 5/10
  1234 | D:2      | Found Roitag's Assorted Antiques.
  1363 | D:2      | Noticed Sigmund
  1368 | D:2      | Slain by Sigmund

Illustrated notes

Levels and vault maps discovered:
D:1:      nzn_arrival_settlement, layout_basic
D:2:      minmay_angry_zag, layout_loops_cross, serial_shops, shop,
          nicolae_shop_hallway_plus, nicolae_shop_hallway_stairs,
          nicolae_shop_waterfront, uniq_sigmund

Skill      XL: |  1  2 |
---------------+-------+-----
Earth Magic    | 4 |  4.1
Dodging        | |  2.7
Stealth        | |  2.4
Spellcasting   | |  3.8
Transmutations | |  1.1

Action                   || total
-------------------------++-------
Melee: Dagger            ||     9
 Cast: Sandblast         ||    39
  Use: Scroll            ||     1
Armor: Robe              ||     4
Dodge: Dodged            ||    31
